 Dungeon Crawl Stone Soup version 0.16.0-1-gbc1383b (console) character file.

259 gw the Magician (level 5, -3/40 HPs)
             Began as a Demigod Ice Elementalist on Mar 13, 2015.
             Slain by a phantom (5 damage)
             ... on level 4 of the Dungeon.
             The game lasted 00:03:39 (5507 turns).

gw the Magician (Demigod Ice Elementalist)          Turns: 5507, Time: 00:03:39

Health: -3/40      AC:  4    Str: 11    XL:     5   Next: 62%
Magic:  0/14       EV: 12    Int: 21    God:
Gold:   164        SH:  0    Dex: 16    Spells: 4 memorised, 0 levels left

rFire  . . .     SeeInvis .     a - +0 mace
rCold  . . .     Clarity  .     i - +0 leather armour
rNeg   . . .     SustAb   +     (no shield)
rPois  .         Gourm    .     (no helmet)
rElec  .         Spirit   .     (no cloak)
rCorr  .         Warding  .     (no gloves)
rMut   .         Stasis   .     q - +0 pair of boots
MR     .....                    (no amulet)
Stlth  ++........               (no ring)
                                (no ring)

@: not resistant to hostile enchantments, unstealthy
A: sustain abilities
a: no special abilities


You were on level 4 of the Dungeon.
You were hungry.

You visited 1 branch of the dungeon, and saw 4 of its levels.

You collected 164 gold pieces.

Inventory:

Hand weapons
 a - a +0 mace (weapon)
 b - a +0 hunting sling of flaming
Missiles
 j - 6 sling bullets of frost
 k - 94 stones (quivered)
Armour
 i - a +0 leather armour (worn)
 q - a +0 pair of boots (worn)
Scrolls
 e - 3 scrolls of identify
 f - a scroll of magic mapping
 g - a scroll of enchant armour {unknown}
Books
 h - a book of Frost

   Spells                             Type                      Level
   a - Freeze                         Ice                          1
   b - Throw Frost                    Conjuration/Ice              2
   c - Ozocubu's Armour               Charms/Ice                   3
   d - Throw Icicle                   Conjuration/Ice              4
   e - Summon Ice Beast               Ice/Summoning                4
   f - Condensation Shield            Ice                          4
Comestibles
 c - 2 bread rations
 l - a meat ration
 m - 2 slices of pizza


   Skills:
 + Level 1.5 Fighting
 + Level 2.1 Maces & Flails
 + Level 1.8 Armour
 - Level 1.7 Dodging
 - Level 1.7 Stealth
 + Level 3.4 Spellcasting
 - Level 0.8 Conjurations
 * Level 3.3 Ice Magic


You couldn't memorise any spells.
You knew the following spells:

 Your Spells              Type           Power        Failure   Level  Hunger
a - Freeze                Ice            ###.         4%          1    None
b - Throw Frost           Conj/Ice       ##....       14%         2    ##.....
c - Ozocubu's Armour      Chrm/Ice       ##......     24%         3    ###....
d - Throw Icicle          Conj/Ice       ##......     82%         4    ####...


Dungeon Overview and Level Annotations

Branches:
Dungeon (4/15)
 Temple: D:4-7

Annotations:
D:3 exclusion: downstairs


Innate Abilities, Weirdness & Mutations

Your attributes are resistant to harm.


Message History

Things that are here:
a hand axe; an orc corpse Unknown command.
Unknown command.
Unknown command.
MOVING TO (1,5)
The kobold throws a stone.
The stone barely misses you.
The stone hits the phantom but does no damage.
Unknown command.
Unknown command.
Unknown command.
Casting: Freeze
Confirm with . or Enter, or press ? or * to list all spells.
Aiming: Freeze
Press: ? - help, Shift-Dir - straight line, f/p - phantom
Aim: a phantom (moderately damaged)
You freeze the phantom.
The phantom resists.
The phantom is moderately damaged.
The phantom hits you.
You die...

# ###.#.#### .........#
###### ###.#.##.# #
#..... #.##K##.# #.####
#...)(..# ####.####
####p#### #.......# #W#
#.##.##.# ####(###
#.##.## # #......#
#.##..# #......#
#.###.#.# #......#
#.###.#.# #..###.#
#.##..#.#
####......######.......#
+...........%...........


You could see a phantom and a kobold.

Table legend:
 A = Turns spent in this place as a percentage of turns spent in the entire game.
 B = Non-inter-level travel turns spent in this place as a percentage of non-inter-level travel turns spent in the entire game.
 C = Inter-level travel turns spent in this place as a percentage of turns spent in this place.
 D = Turns resting spent in this place as a percentage of non-inter-level travel turns spent in this place.
 E = Turns spent auto-exploring this place as a percentage of non-inter-level travel turns spent in this place.
 F = Non-inter-level travel turns spent in this place divided by the number of levels of this place that you've seen.
                   A       B       C       D       E      F
               +-------+-------+-------+-------+-------+----------------------
         Total | 100.0 | 100.0 |   0.4 |   3.0 |   2.4 | 1631.0
       Dungeon | 100.0 | 100.0 |   0.4 |   3.0 |   2.4 | 1631.0
               +-------+-------+-------+-------+-------+----------------------

Table legend:
 A = Kills in this place as a percentage of kills in entire the game.
 B = Kills by you in this place as a percentage of kills by you in the entire game.
 C = Kills by friends in this place as a percentage of kills by friends in the entire game.
 D = Other kills in this place as a percentage of other kills in the entire game.
 E = Experience gained in this place as a percentage of experience gained in the entire game.
 F = Experience gained in this place divided by the number of levels of this place that you have seen.
                   A       B       C       D       E      F
               +-------+-------+-------+-------+-------+----------------------
         Total | 100.0 | 100.0 |  -nan |  -nan | 100.0 |  92.5
       Dungeon | 100.0 | 100.0 |  -nan |  -nan | 100.0 |  92.5
               +-------+-------+-------+-------+-------+----------------------

Vanquished Creatures
  An orc priest (D:3)
  An orc wizard (D:3)
  8 adders
  A giant mite (D:2)
  3 worms
  4 giant geckos
  12 orcs
  3 ball pythons
  7 hobgoblins
  14 jackals
  A quokka (D:2)
  5 bats
  4 giant cockroaches
  10 goblins
  14 kobolds
  7 rats
95 creatures vanquished.

Notes
Turn   | Place    | Note
--------------------------------------------------------------
     0 | D:1      | gw, the Demigod Ice Elementalist, began the quest for the Orb.
     0 | D:1      | Reached XP level 1. HP: 14/14 MP: 3/3
   440 | D:1      | Reached XP level 2. HP: 20/20 MP: 1/4
   475 | D:1      | Learned a level 2 spell: Throw Frost
   862 | D:1      | Found a sparkling altar of Nemelex Xobeh.
  1006 | D:1      | Reached skill level 1 in Armour
  1539 | D:2      | Reached skill level 1 in Maces & Flails
  1539 | D:2      | Reached XP level 3. HP: 12/27 MP: 0/8
  1803 | D:2      | Learned a level 3 spell: Ozocubu's Armour
  1864 | D:2      | Found a stormy altar of Qazlal.
  1886 | D:2      | Reached skill level 3 in Ice Magic
  2539 | D:2      | Reached XP level 4. HP: 34/34 MP: 2/11
  3605 | D:3      | Reached skill level 1 in Fighting
  3914 | D:3      | Reached XP level 5. HP: 35/40 MP: 5/14
  3980 | D:3      | Learned a level 4 spell: Throw Icicle
  5167 | D:4      | Noticed a phantom
  5497 | D:4      | HP: 2/40 [phantom (7)]
  5507 | D:4      | Slain by a phantom

Action                   |  1- 3 |  4- 6 || total
-------------------------+-------+-------++-------
Melee: Whip              |    27 |       ||    27
       Mace              |     3 |    13 ||    16
 Fire: Hunting sling     |    14 |    24 ||    38
 Cast: Freeze            |    36 |    51 ||    87
       Throw Frost       |    31 |    68 ||    99
  Use: Scroll            |     3 |     5 ||     8
       Potion            |     2 |     2 ||     4
  Eat: Chunk             |     3 |    11 ||    14
       Bread ration      |     1 |       ||     1

Vault maps used:
D:1:      dpeg_arrival_boxorama, minmay_misc_feat_tower, nemelex_altar_shiori
D:2:      grunt_qazlal_clouds
D:3:      first_bread, st_stairs_6
D:4:      tso_oasis_becter, grunt_gozag_breadcrumbs, nrook_mini_vaults,
          uniq_edmund
